 Dungeon Crawl Stone Soup version 0.18-a0-917-g8a3da5b (webtiles) character file.

156 filipzpl the Insei (level 5, -1/38 HPs)
             Began as a Merfolk Transmuter on Dec 26, 2015.
             Slain by stickyfingers's ghost (9 damage)
             ... on level 3 of the Dungeon.
             The game lasted 00:17:06 (4788 turns).

filipzpl the Insei (Merfolk Transmuter)             Turns: 4788, Time: 00:17:06

Health: -1/38      AC:  2    Str: 10    XL:     5   Next: 37%
Magic:  6/8        EV: 21    Int: 13    God:
Gold:   119        SH:  0    Dex: 20    Spells: 2 memorised, 4 levels left

rFire  . . .     SeeInvis .       - Unarmed
rCold  . . .     Gourm    .     (armour currently unavailable)
rNeg   . . .     Faith    .     (shield currently unavailable)
rPois  x         Spirit   .     (helmet currently unavailable)
rElec  .         Dismiss  .     (cloak currently unavailable)
rCorr  .         Reflect  .     (gloves currently unavailable)
SustAt .         Harm     .     (boots currently unavailable)
MR     .....                    (no amulet)
Stlth  ++........               (no ring)
                                (no ring)

@: spider-form (expiring), not resistant to hostile enchantments, unstealthy
A: (change form in water), (swift swim)
a: End Transformation


You were on level 3 of the Dungeon.
You were hungry.
You were a venomous arachnid creature.
You visited 1 branch of the dungeon, and saw 4 of its levels.

You collected 119 gold pieces.

Inventory:

Missiles
 a - 67 arrows (quivered)
Armour
 b - a +0 robe (melded)
 o - a +0 pair of boots (melded)
Scrolls
 e - a scroll of remove curse
 h - a scroll of fog {unknown}
 l - a scroll of enchant weapon {unknown}
 n - a scroll of identify {unknown}
Potions
 f - 5 potions of curing {unknown}
 g - 2 potions of cancellation {unknown}
 i - a potion of invisibility {unknown}
 m - a potion of agility {unknown}
 q - a potion of heal wounds {unknown}
 r - a potion of flight {unknown}
Books
 c - a book of Changes

   Spells                             Type                      Level
   a - Beastly Appendage              Transmutation                1
   b - Sticks to Snakes               Transmutation                2
   c - Spider Form                    Transmutation/Poison         3
   d - Ice Form                       Ice/Transmutation            4
   e - Blade Hands                    Transmutation                5
Comestibles
 d - 2 bread rations
 j - 2 meat rations
 k - 4 fruits
 p - a beef jerky


   Skills:
 - Level 1.9 Fighting
 - Level 2.6 Dodging
 + Level 5.0 Unarmed Combat
 - Level 2.0 Spellcasting
 - Level 4.1 Transmutations
 - Level 2.2 Poison Magic


You had 4 spell levels left.
You knew the following spells:

 Your Spells              Type           Power        Failure   Level  Hunger
a - Beastly Appendage     Trmt           ##....       17%         1    ##.....
b - Spider Form           Trmt/Pois      #.........   41%         3    ####...


Dungeon Overview and Level Annotations

Branches:
Dungeon (4/15)
 Temple: D:4-7

Altars:
Sif Muna
Yredelemnul
The Shining One

Annotations:
D:3 stickyfingers's ghost, amateur MiSu


Message History

The bat misses you. The bat hits you but does no damage.
The rat bites you but does no damage. The quokka closely misses you.
Stickyfingers's ghost screams, "I'll kill anyone who wants the ORB!"
Stickyfingers's ghost completely misses you.
You completely miss stickyfingers's ghost.
Stickyfingers's ghost is almost destroyed.
The bat completely misses you. The bat barely misses you. The rat misses you.
The quokka bites you but does no damage.
Stickyfingers's ghost hits you.
* * * LOW HITPOINT WARNING * * *
You barely miss stickyfingers's ghost.
Stickyfingers's ghost is almost destroyed.
The bat misses you. The bat hits you.
* * * LOW HITPOINT WARNING * * *
The rat bites you.
* * * LOW HITPOINT WARNING * * *
The quokka bites you.
* * * LOW HITPOINT WARNING * * *
Stickyfingers's ghost hits you!
You die...

#...............##....#.##'#
#..........#..........#.....
#...................[)(.....
#.....r#####.####...#)####..
#.#.....##......#.#.#)####..
#.###..r#....##.#.#.........
#.......#....b....##..(.....
#####.#.#.b..##...#..(##....
###.#...rs†.....#(.###....
#.....#.rW####..#..# #....
##########'#...##....#..#
#....
#..............##.#.##..#
#....
#..............##.#.##..#
####+
#...........#'###.#.##..######
#...........#.#
#.#.##...g.....
#...........#.#
#.#.###........
#...........#.# #.#.#
#########


You could see stickyfingers's ghost, a quokka, 2 bats and a rat.

Vanquished Creatures
  An orc wizard (D:3)
  2 adders (D:2)
  2 oozes (D:1)
  A worm (D:2)
  3 giant geckos
  7 orcs (D:3)
  2 ball pythons
  13 bats
  5 giant cockroaches
  13 hobgoblins
  A quokka (D:2)
  6 giant newts
  7 goblins
  15 kobolds
  10 rats
88 creatures vanquished.

Notes
Turn   | Place    | Note
--------------------------------------------------------------
     0 | D:1      | filipzpl the Merfolk Transmuter began the quest for the Orb.
     0 | D:1      | Reached XP level 1. HP: 15/15 MP: 3/3
   282 | D:1      | Reached XP level 2. HP: 12/21 MP: 5/5
   557 | D:1      | Reached skill level 4 in Unarmed Combat
   777 | D:1      | Reached XP level 3. HP: 20/27 MP: 6/6
   856 | D:1      | Learned a level 3 spell: Spider Form
  1857 | D:2      | Reached skill level 1 in Poison Magic
  1857 | D:2      | Reached XP level 4. HP: 7/33 MP: 7/7
  2600 | D:2      | Found a glowing golden altar of the Shining One.
  3566 | D:3      | Reached XP level 5. HP: 23/38 MP: 5/8
  3790 | D:3      | Found a deep blue altar of Sif Muna.
  3793 | D:3      | Found a basalt altar of Yredelemnul.
  4306 | D:3      | Noticed stickyfingers's ghost (amateur MiSu)
  4354 | D:3      | HP: 1/38 [bat (1)]
  4361 | D:3      | HP: 1/38 [bat[stickyfingers's ghost] (1)]
  4675 | D:3      | Reached skill level 5 in Unarmed Combat
  4788 | D:3      | Slain by stickyfingers's ghost

Vault maps used:
D:1:      minmay_arrival_checkered_box, minmay_misc_feat_roman, st_stairs_8,
          serial_park_tiny_pond
D:2:      wad_pebble_path, overflow_temple_1_default, first_bread
D:3:      grunt_temple_overflow_open
D:4:      minmay_temple_entry_nine_rooms, serial_shops, nicolae_shop_stone,
          uniq_pikel, uniq_duvessa

Action                   |  1- 3 |  4- 6 || total
-------------------------+-------+-------++-------
Melee: Unarmed           |   175 |   178 ||   353
 Cast: Beastly Appendage |     4 |       ||     4
       Spider Form       |     3 |     4 ||     7
  Use: Scroll            |       |     1 ||     1
 Stab: Sleeping          |       |     2 ||     2
  Eat: Meat ration       |     1 |       ||     1
       Chunk             |       |     6 ||     6
       Royal jelly       |       |     1 ||     1
